 Dungeon Crawl Stone Soup version 0.25.1-2-g60ff931df9 (webtiles) character file.

Game seed: 8817528787989881611

1021 H0rd4k the Cutter (level 8, -1/57 (58) HPs)
             Began as a Human Artificer on Sept 29, 2020.
             Was an Initiate of Gozag.
             Shot with an arrow by a centaur (10 damage)
             ... on level 7 of the Dungeon.
             The game lasted 00:09:36 (8923 turns).

H0rd4k the Cutter (Human Artificer)                 Turns: 8923, Time: 00:09:37

HP:   -1/57 (58)    AC:  4    Str: 14    XL:     8   Next: 46%
MP:   20/20         EV: 13    Int: 12    God:    Gozag
Gold: 716           SH:  0    Dex: 14    Spells: 7/7 levels left

rFire    . . .     SeeInvis .   a - +0 short sword
rCold    . . .     Gourm    .   (no shield)
rNeg     . . .     Faith    .   b - +0 leather armour
rPois    .         Spirit   .   k - +0 helmet
rElec    .         Reflect  .   (no cloak)
rCorr    .         Harm     .   (no gloves)
MR       .....                  (no boots)
Stlth    ++........             (no amulet)
HPRegen  0.19/turn              c - ring of magical power
MPRegen  0.17/turn              (no ring)

@: no status effects
A: no striking features
a: Potion Petition, Call Merchant, Bribe Branch, Renounce Religion


You were on level 7 of the Dungeon.
You worshipped Gozag.
Gozag was pleased with you.
You were not hungry.

You visited 1 branch of the dungeon, and saw 7 of its levels.

You collected 738 gold pieces.
You paid 22 gold pieces to Gozag.

Inventory:

Hand Weapons
 a - a +0 short sword (weapon)
Missiles
 s - 6 atropa-tipped darts (quivered)
 u - 40 poisoned darts
Armour
 b - a +0 leather armour (worn)
 k - a +0 helmet (worn)
Jewellery
 c - a ring of magical power (left hand)
Wands
 d - a wand of enslavement (9)
 e - a wand of polymorph (11)
 y - a wand of iceblast (10)
Scrolls
 g - a scroll of teleportation {unknown}
 h - 3 scrolls of fear {unknown}
 i - 2 scrolls of blinking {unknown}
 j - 10 scrolls of identify {unknown}
 m - a scroll of random uselessness {unknown}
 n - 2 scrolls of enchant weapon {unknown}
 o - a scroll of noise {unknown}
 q - 2 scrolls of amnesia {unknown}
 r - a scroll of remove curse {unknown}
 t - 2 scrolls of immolation {unknown}
Potions
 l - a potion of mutation {unknown}
 p - a potion of stabbing {unknown}
 v - a potion of might {unknown}
 w - a potion of haste {unknown}
 x - a potion of flight {unknown}
Comestibles
 f - a ration


   Skills:
 + Level 3.4 Fighting
 + Level 5.4 Short Blades
 + Level 0.3 Throwing
 + Level 3.5 Armour
 + Level 3.7 Dodging
 + Level 2.9 Stealth
 + Level 4.4 Evocations


You had 7 spell levels left.
You didn't know any spells.
Your spell library was empty.

Dungeon Overview and Level Annotations

Branches:
Dungeon (7/15)             Temple (0/1) D:5

Altars:
Dithmenos
Fedhas
Gozag
Hepliaklqana
Trog
Yredelemnul
The Shining One

Annotations:
D:2 exclusion: downstairs
D:5 exclusion: downstairs


Message History

You see here an arrow.
The centaur shoots an arrow.
The arrow hits you!
You see here an arrow.
The centaur shoots an arrow.
The arrow misses you.
The worker ant bites you but does no damage.
Found a scroll labeled XOACHU REIT.
You see here an arrow.
The centaur shoots an arrow.
The arrow hits you!
* * * LOW HITPOINT WARNING * * *
Found a pair of boots.
You see here an arrow.
The centaur shoots an arrow.
The arrow hits you!
* * * LOW HITPOINT WARNING * * *
The centaur shoots an arrow.
The arrow closely misses you.
You see here 2 arrows.
There is a stone staircase leading down here.
The worker ant barely misses you.
The centaur shoots an arrow.
The arrow hits you!
You die...
Your body crumbles into a pile of gold.

.....................
.......c..............
......................
......................
...................[..
........(.............
.........(............
..........((((........
#............a@.......
##....................
###########..........
###........ ##...?...
....... ##..... #....


You could see a centaur and a worker ant.

Vanquished Creatures
  Sigmund (D:3)
  A necrophage (D:4)
  3 ogres
  A bullfrog (D:5)
  A crimson imp (D:5)
  2 orc priests
  2 hounds
  4 orc wizards
  An iguana (D:5)
  A howler monkey skeleton (D:5)
  6 adders
  2 oozes (D:4)
  2 worms (D:2)
  2 leopard geckos
  13 orcs
  A bat (D:2)
  2 giant cockroaches
  2 goblins
  4 hobgoblins
  6 jackals
  4 quokkas
  3 ball pythons
  3 frilled lizards
  4 kobolds
  4 rats
75 creatures vanquished.

Vanquished Creatures (collateral kills)
  An orc wizard (D:4)
  An adder (D:5)
  A worm (D:5)
  4 orcs
7 creatures vanquished.

Vanquished Creatures (others)
  A hound (D:5)
  An orc wizard (D:3)
2 creatures vanquished.

Grand Total: 84 creatures vanquished

Notes
Turn   | Place    | Note
-------+----------+-------------------------------------------
     0 | D:1      | H0rd4k the Human Artificer began the quest for the Orb.
     0 | D:1      | Reached XP level 1. HP: 15/15 MP: 3/3
   435 | D:1      | Reached XP level 2. HP: 21/21 MP: 4/4
   753 | D:2      | Reached XP level 3. HP: 4/26 MP: 5/5
  1201 | D:2      | Reached skill level 2 in Short Blades
  1584 | D:2      | Reached skill level 1 in Armour
  2460 | D:2      | Found a bloodstained altar of Trog.
  2461 | D:2      | Found an opulent altar of Gozag.
  2461 | D:2      | Found a shadowy altar of Dithmenos.
  2461 | D:2      | Found a hazy altar of Hepliaklqana.
  2498 | D:2      | Reached XP level 4. HP: 28/32 MP: 6/6
  2879 | D:2      | Became a worshipper of Gozag Ym Sagoz the Greedy
  3613 | D:3      | Reached XP level 5. HP: 37/37 MP: 7/7
  3943 | D:3      | Found a blossoming altar of Fedhas.
  4310 | D:3      | Noticed Sigmund
  4752 | D:3      | Killed Sigmund
  4752 | D:3      | Reached skill level 3 in Short Blades
  4752 | D:3      | Reached XP level 6. HP: 34/44 MP: 8/8
  5368 | D:4      | Reached XP level 7. HP: 44/51 MP: 9/9
  5739 | D:5      | Entered Level 5 of the Dungeon
  6106 | D:5      | Reached skill level 4 in Short Blades
  6200 | D:5      | Found a staircase to the Ecumenical Temple.
  6730 | D:4      | Reached XP level 8. HP: 42/56 MP: 11/11
  7587 | D:5      | Found a glowing golden altar of the Shining One.
  7589 | D:5      | Noticed an angel
  7598 | D:5      | Found a basalt altar of Yredelemnul.
  7653 | D:5      | Reached skill level 5 in Short Blades
  8923 | D:7      | Shot with an arrow by a centaur

Illustrated notes

Levels and vault maps discovered:
D:1:      psy_arrival_terrarium, layout_basic
D:2:      layout_loops_corners, grunt_temple_overflow_open
D:3:      layout_loops_ring, mrwooster_statue_mirror, fedhas_altar_3,
          uniq_sigmund
D:4:      layout_cave_pools, kennysheep_cross_room
D:5:      layout_basic, grunt_temple_overflow_holy_war,
          minmay_temple_entry_junction, first_ration
D:6:      layout_cave_pools, kennysheep_generic_room_11
D:7:      layout_layer_cave, lemuel_doored_altar

Skill      XL: |  1  2  3  4  5  6  7  8 |
---------------+-------------------------+-----
Short Blades   | 2 3 4 5 |  5.4
Armour         | 1 2 3 |  3.5
Fighting       | 2 3 |  3.4
Stealth        | 2 |  2.9
Evocations     | 4 |  4.4
Dodging        | 3 |  3.7
Throwing       | |  0.3

Action                   |  1- 3 |  4- 6 |  7- 9 || total
-------------------------+-------+-------+-------++-------
Melee: Short sword       |   130 |   124 |   253 ||   507
Throw: Dart              |       |       |     7 ||     7
Evoke: Wand              |     7 |    20 |    27 ||    54
  Use: Potion            |     1 |       |       ||     1
 Stab: Sleeping          |     2 |       |     1 ||     3
       Distracted        |       |     1 |     2 ||     3
  Eat: Chunk             |     3 |       |       ||     3
       Ration            |       |     4 |     3 ||     7
Armor: Leather armour    |    23 |    22 |    31 ||    76
Dodge: Dodged            |   103 |    72 |   160 ||   335
